 Dungeon Crawl Stone Soup version 0.27-b1-41-gafb5482f4b (webtiles) character file.

Game seed: 18050347227781609334

105 horus123 the Magician (level 4, -1/24 HPs)
             Began as a Deep Elf Fire Elementalist on July 28, 2021.
             Was a Follower of the Shining One.
             Slain by Terence (4 damage)
             ... on level 3 of the Dungeon.
             The game lasted 00:12:43 (2240 turns).

horus123 the Magician (Deep Elf Fire Elementalist)  Turns: 2240, Time: 00:12:43

Health: -1/24      AC:  2    Str:  5    XL:     4   Next: 53%
Magic:  2/12       EV: 13    Int: 21    God:    the Shining One [*.....]
Gold:   13         SH:  0    Dex: 15    Spells: 2/12 levels left

rFire    . . .     SeeInvis .   (no weapon)
rCold    . . .     Faith    .   (no shield)
rNeg     . . .     Spirit   .   a - +0 robe
rPois    .         Reflect  .   (no helmet)
rElec    .         Harm     .   (no cloak)
rCorr    .         Rampage  .   (no gloves)
Will     .....                  (no boots)
Stlth    +.........             (no amulet)
HPRegen  0.08/turn              (no ring)
MPRegen  0.13/turn              (no ring)

@: glowing
A: no striking features
a: Renounce Religion


You were on level 3 of the Dungeon.
You worshipped the Shining One.
The Shining One was aware of your devotion.
You visited 1 branch of the dungeon, and saw 3 of its levels.

You collected 93 gold pieces.
You spent 80 gold pieces at shops.

Inventory:

Missiles
 c - 7 curare-tipped darts
Armour
 a - a +0 robe (worn)
Wands
 g - a wand of mindburst (13)
Scrolls
 b - 3 scrolls of vulnerability
 d - a scroll of fear
 k - a scroll of identify {unknown}
Potions
 e - a potion of resistance {unknown}
 f - 3 potions of curing {unknown}
 h - 2 potions of ambrosia {unknown}
 i - 2 potions of flight {unknown}
 j - a potion of magic {unknown}


   Skills:
 + Level 2.9 Dodging
 + Level 3.2 Stealth
 + Level 4.5 Spellcasting
 + Level 2.0 Conjurations
 + Level 4.2 Fire Magic


You had 2 spell levels left.
You knew the following spells:

 Your Spells              Type           Power      Damage    Failure   Level
a - Foxfire               Conj/Fire      68%        2x1d7     3%          1
b - Conjure Flame         Conj/Fire      17%        6-21      10%         3
c - Inner Flame           Hex/Fire       13%        N/A       14%         3
d - Magic Dart            Conj           52%        1d5       4%          1
e - Searing Ray           Conj           26%        3d4       8%          2

Your spell library contained the following spells:

 Spells                   Type           Power      Damage    Failure   Level
 Sticky Flame             Conj/Fire      17%        2d4       32%         4
 Fulminant Prism          Conj/Hex       4%         3d6       58%         4
 Fireball                 Conj/Fire      8%         3d6       65%         5


Dungeon Overview and Level Annotations

Branches:
Dungeon (3/15)

Altars:
Sif Muna
The Shining One

Shops:
D:2 *

Annotations:
D:3 Terence


Message History

You conjure some foxfire!
Terence barely misses you.
The foxfire hits Terence but does no damage. x2
Terence hits you with a +0 short sword.
You conjure some foxfire!
Terence misses you.
The foxfire hits Terence but does no damage.
The foxfire hits Terence.
Terence is moderately wounded.
Terence closely misses you.
You conjure some foxfire!
Terence hits you with a +0 short sword.
The foxfire hits Terence.
Terence is heavily wounded.
The foxfire hits Terence.
Terence is severely wounded.
Terence hits you with a +0 short sword.
You are too injured to fight recklessly!
You are too injured to fight recklessly!
Casting: Foxfire (safe; 3% risk of failure)
Confirm with . or Enter, or press ? or * to list all spells.
You conjure some foxfire!
Terence hits you with a +0 short sword!
* * * LOW HITPOINT WARNING * * *
Your foxfire dissipates!
The foxfire hits Terence but does no damage.
Terence is severely wounded.
Casting: Foxfire (safe; 3% risk of failure)
Confirm with . or Enter, or press ? or * to list all spells.
Aiming: Magic Dart (safe; 4% risk of failure)
Press: ? - help, Shift-Dir - straight line, f - Terence
Aim: Terence, wielding a +0 short sword and wearing a +4 scale mail of willpower (severely wounded, haloed, 100% to hit)
The magic dart hits Terence but does no damage.
Terence is severely wounded.
Terence barely misses you.
Casting: Magic Dart (safe; 4% risk of failure)
Confirm with . or Enter, or press ? or * to list all spells.
Aiming: Magic Dart (safe; 4% risk of failure)
Press: ? - help, Shift-Dir - straight line, f/p - Terence
Aim: Terence, wielding a +0 short sword and wearing a +4 scale mail of willpower (severely wounded, haloed, 100% to hit)
The magic dart hits Terence but does no damage.
Terence is severely wounded.
Terence hits you with a +0 short sword.
You die...

#_## .......... ##).
###..##........... #...
#...#.##..... ... #...
#..#..#>..... ..##.####..#
#.#..##.....# #..§§v....#.
##..###<....# ###.......
#..#.###.##.# ####.....
#.#...##.@..######........
#...#.###@.#............#.
##.#.####..#....<#####.<#(
##.##.....#.....# ###.#..
#.#............###..(..#
#.....##.####...........
##..####.#....####......
#.## #...#### #...... ###
##### #...... #......


You could see Terence.

Vanquished Creatures
  3 gnolls (D:2)
  3 adders
  A dart slug (D:3)
  4 ball pythons
  5 endoplasms
  A giant cockroach (D:3)
  6 hobgoblins
  3 jackals (D:2)
  A quokka (D:1)
  3 bats
  2 frilled lizards (D:1)
  3 goblins
  A kobold (D:1)
  12 rats
48 creatures vanquished.

Vanquished Creatures (others)
  143 foxfires
143 creatures vanquished.

Grand Total: 191 creatures vanquished

Notes
Turn   | Place    | Note
-------+----------+-------------------------------------------
     0 | D:1      | horus123 the Deep Elf Fire Elementalist began the quest for
                  | the Orb.
     0 | D:1      | Reached XP level 1. HP: 10/10 MP: 6/6
   333 | D:1      | Reached XP level 2. HP: 15/15 MP: 6/8
   486 | D:1      | Found a faded altar of an unknown god.
   493 | D:1      | Became a worshipper of the Shining One
   493 | D:1      | Reached * piety under the Shining One
   984 | D:2      | Reached XP level 3. HP: 19/19 MP: 5/10
  1054 | D:2      | Found Henazet's Assorted Antiques.
  1065 | D:2      | Bought a tapered silver wand for 80 gold pieces
  1069 | D:2      | Learned a level 3 spell: Conjure Flame
  1073 | D:2      | Learned a level 3 spell: Inner Flame
  1446 | D:2      | Reached XP level 4. HP: 13/24 MP: 0/11
  2067 | D:3      | Learned a level 1 spell: Magic Dart
  2070 | D:3      | Learned a level 2 spell: Searing Ray
  2188 | D:3      | Found a shimmering blue altar of Sif Muna.
  2225 | D:3      | Noticed Terence
  2240 | D:3      | Slain by Terence

Illustrated notes

Levels and vault maps discovered:
D:1:      minmay_arrival_hallway, layout_loops_ring,
          dilly_ecumenical_altar_fadedgnrine, minmay_rat_gold_closets
D:2:      layout_loops_cross, serial_shops, shop
D:3:      minmay_spotlight, layout_rooms, marbit_many_paths, dk_xom_monty_hall,
          uniq_ijyb, uniq_crazy_yiuf_cottage, uniq_terence

Skill      XL: |  1  2  3  4 |
---------------+-------------+-----
Stealth        | 3 |  3.2
Fire Magic     | 4 |  4.2
Spellcasting   | 4 |  4.5
Conjurations   | 2 |  2.0
Dodging        | |  2.9

Action                   |  1- 3 |  4- 6 || total
-------------------------+-------+-------++-------
Melee: Unarmed           |       |     1 ||     1
 Cast: Foxfire           |    53 |    35 ||    88
       Conjure Flame     |     1 |     1 ||     2
       Magic Dart        |       |    11 ||    11
Evoke: Wand              |     1 |       ||     1
  Use: Scroll            |     2 |       ||     2
Armor: Robe              |     2 |     4 ||     6
Dodge: Dodged            |     8 |    20 ||    28
